 Dungeon Crawl Stone Soup version 0.19-a0-1021-g80cc50c (webtiles) character file.

404 ololoev the Chopper (level 6, 0/51 HPs)
             Began as a Hill Orc Fighter on July 27, 2016.
             Killed from afar by Dowan (9 damage)
             ... with a shard of ice
             ... on level 7 of the Dungeon.
             The game lasted 00:06:46 (1067 turns).

ololoev the Chopper (Hill Orc Fighter)              Turns: 1067, Time: 00:06:47

Health: 0/51       AC: 12    Str: 21    XL:     6   Next: 86%
Magic:  8/8        EV:  5    Int:  8    God:
Gold:   191        SH:  9    Dex: 10    Spells: 0 memorised, 5 levels left

rFire  . . .     SeeInvis .     a - +0 war axe
rCold  . . .     Gourm    .     i - +0 chain mail
rNeg   . . .     Faith    .     c - +0 shield
rPois  .         Spirit   .     k - +0 helmet
rElec  .         Dismiss  .     o - +0 cloak
rCorr  .         Reflect  .     (no gloves)
SustAt .         Harm     .     (no boots)
MR     .....                    j - amulet of rage
Stlth  ..........               (no ring)
                                (no ring)

@: flying, not resistant to hostile enchantments, extremely unstealthy
A: no striking features
a: Evoke Berserk Rage

Inventory:

Hand Weapons
 a - a +0 war axe (weapon)
Armour
 c - a +0 shield (worn)
 i - a +0 chain mail (worn)
 k - a +0 helmet (worn)
 o - a +0 cloak (worn)
Jewellery
 j - an amulet of rage (around neck)
Wands
 d - a wand of flame (19/48)
 m - a wand of flame (17/48)
Scrolls
 b - 2 scrolls of remove curse
Comestibles
 g - a slice of pizza


   Skills:
 - Level 3.6 Fighting
 * Level 7.0 Axes
 + Level 5.0 Armour
 - Level 3.2 Shields
 + Level 2.7 Evocations


You had 5 spell levels left.
You didn't know any spells.


You were on level 7 of the Dungeon.
You were not hungry.

You visited 1 branch of the dungeon, and saw 7 of its levels.

You collected 191 gold pieces.

....... ..#
........#
.....
........# ..
.# ........#
.#..#
........##.#.#
.............#
...#...)...#
........o#.##
...##o@[...#
#..##.e.....
#.$... $..####
###...#.#.#
###...#...
.... .## ....
# %...

Notes
Turn   | Place    | Note
-------+----------+-------------------------------------------
     0 | D:1      | ololoev the Hill Orc Fighter began the quest for the Orb.
     0 | D:1      | Reached XP level 1. HP: 19/19 MP: 1/1
   139 | D:1      | Reached skill level 3 in Axes
   149 | D:1      | Reached XP level 2. HP: 23/26 MP: 2/2
   234 | D:3      | Reached skill level 4 in Axes
   234 | D:3      | Reached XP level 3. HP: 13/31 MP: 3/3
   266 | D:3      | Noticed Terence
   274 | D:3      | Killed Terence
   280 | D:3      | Reached XP level 4. HP: 6/39 MP: 4/4
   351 | D:3      | Noticed Robin
   358 | D:3      | Killed Robin
   364 | D:3      | Reached skill level 5 in Axes
   403 | D:3      | Reached skill level 1 in Evocations
   460 | D:3      | Noticed Jessica
   464 | D:3      | Killed Jessica
   464 | D:3      | Reached XP level 5. HP: 33/45 MP: 5/5
   594 | D:5      | Entered Level 5 of the Dungeon
   618 | D:5      | Reached skill level 6 in Axes
   686 | D:6      | Reached XP level 6. HP: 41/51 MP: 7/7
   713 | D:6      | Found an opulent altar of Gozag.
   778 | D:4      | Found a snail-covered altar of Cheibriados.
   803 | D:5      | Found a bloodstained altar of Trog.
   803 | D:5      | Found a blossoming altar of Fedhas.
   833 | D:5      | Noticed ololoev's ghost (weakling HOFi)
   845 | D:5      | Killed ololoev's ghost
   883 | D:5      | Noticed a phantom
  1011 | D:7      | Noticed Duvessa
  1011 | D:7      | Noticed Dowan
  1019 | D:7      | Killed Duvessa
  1019 | D:7      | Reached skill level 7 in Axes
  1019 | D:7      | Reached skill level 5 in Armour
  1032 | D:6      | HP: 2/51 [poisoned by Dowan]
  1040 | D:6      | HP: 2/51 [orc/club (2)]
  1067 | D:7      | Killed from afar by Dowan

Dungeon Overview and Level Annotations

Branches:
Dungeon (7/15)
 Temple: D:4-7

Altars:
Cheibriados
Fedhas
Gozag
Trog

Annotations:
D:7 Dowan


Message History

You hit the orc.
The orc is lightly wounded.
Your transformation is almost over.
The orc hits you but does no damage. The orc hits you with a club.
You hit the orc.
The orc is heavily wounded.
The orc hits you with a club.
You barely miss the orc.
The orc is moderately wounded.
The orc closely misses you.
You hit the orc.
The orc is severely wounded.
The orc barely misses you. The orc closely misses you.
You closely miss the orc.
The orc is severely wounded.
The orc hits you with a club.
You hit the orc.
The orc is almost dead.
The orc hits you with a club. The orc misses you.
You hit the orc but do no damage.
The orc is almost dead.
The orc misses you.
You completely miss the orc.
The orc is almost dead.
Your transformation has ended.
Your +0 war axe unmelds from your body.
Your +0 cloak unmelds from your body.
Your +0 helmet unmelds from your body.
Your +0 shield unmelds from your body.
Your +0 chain mail unmelds from your body.
The orc hits you but does no damage.
Your shield and chain mail prevent you from hitting the orc.
The orc is almost dead.
The orc hits you but does no damage. You block the orc's attack.
You barely miss the orc.
The orc is almost dead.
The orc hits you but does no damage. You block the orc's attack.
You hit the orc.
You kill the orc!
Things that are here:
a club; a ring mail
There is a stone staircase leading down here.
Wield which item (- for none, * to show all)? (? for menu, Esc to quit)
b - 3 scrolls labeled WUDUDU IHAO (in hand)
You feel yourself speed up.
You swing at nothing.
You swing at nothing.
You swing at nothing.
You swing at nothing.
You swing at nothing.
You swing at nothing.
You swing at nothing.
You swing at nothing.
You feel less exhausted.
You swing at nothing.
You swing at nothing.
a - a +0 war axe (weapon)
It was a potion of cure mutation.
It has a very clean taste.
It was a potion of flight.
You feel very buoyant.
You fly up into the air.
As you read the scroll labeled WUDUDU IHAO, it crumbles to dust.
You feel blessed for a moment.
It was a scroll of remove curse.
As you read the scroll labeled ZAOCO HONAZEODD, it crumbles to dust.
You experience a momentary feeling of inescapable doom!
It was a scroll of random uselessness.
As you read the scroll labeled SESMEDEETA, it crumbles to dust.
The air around you briefly surges with heat, but it dissipates.
It was a scroll of immolation.
Blink to where?
Press: ? - help, Dir - move target cursor, f - you Are you sure you want to cancel this blink?
Okay, then.
As you read the scroll labeled LISCHI IRINNUF, it crumbles to dust.
It was a scroll of blinking.
You fly downwards.
Level annotation: Dowan You block the orc's attack. x3
Dowan breathes, "And she was my only..."
Dowan gestures at you while chanting. The shard of ice hits you!
You die...

You could see Dowan and 2 orcs.

Vanquished Creatures
  Duvessa (D:7)
  The ghost of ololoev the Chopper, a weakling HOFi (D:5)
  A hound (D:6)
  Jessica (D:3)
  Terence (D:3)
  2 worker ants (D:4)
  Robin (D:3)
  4 gnolls (D:5)
  An adder (D:3)
  2 dart slugs (D:3)
  A giant gecko (D:3)
  6 orcs
  2 giant cockroaches
  14 goblins
  6 hobgoblins
  7 jackals
  A quokka (D:3)
  3 bats
  A giant gecko zombie (D:5)
  2 kobolds
  2 rats
60 creatures vanquished.

Vanquished Creatures (others)
  A giant gecko (D:3)
  An orc (D:7)
2 creatures vanquished.

Grand Total: 62 creatures vanquished

Action                   |  1- 3 |  4- 6 || total
-------------------------+-------+-------++-------
Melee: War axe           |    66 |   111 ||   177
       Unarmed           |       |    15 ||    15
 Abil: Evoke Berserk Rag |       |     6 ||     6
Evoke: Wand              |       |     2 ||     2
  Use: Potion            |     2 |     3 ||     5
       Scroll            |       |     4 ||     4
  Eat: Chunk             |       |     3 ||     3
       Bread ration      |       |     1 ||     1
Armor: Scale mail        |    39 |       ||    39
       Chain mail        |       |    52 ||    52
Dodge: Dodged            |    26 |    42 ||    68
Block: Shield            |    50 |    61 ||   111

Vault maps used:
D:1:      shiori_arrival_elements
D:3:      kennysheep_the_goblin_king, first_bread, uniq_robin, uniq_terence,
          uniq_jessica
D:4:      nicolae_overflow_hidden_temple, lemuel_zombie_altar_kikubaaqudgha,
          nrook_uturn, minmay_misc_feat_encased
D:5:      gammafunk_temple_overflow_elements
D:6:      old_standard_altar, elyvilon_altar_1, nicolae_gozag_seed_capital
D:7:      nicolae_dithmenos_shadow_blocks, uniq_duvessa
